 Dungeon Crawl Stone Soup version 0.31-a0-819-gf6de2f5ab6 (webtiles) character file.

Game seed: 3462109907904957208

171 qw the Shooter (level 5, 0/33 HPs)
             Began as a Gargoyle Hunter on Sept 23, 2023.
             Slain by Natasha (2 damage)
             ... on level 3 of the Dungeon.
             The game lasted 00:00:40 (1770 turns).

qw the Shooter (Gargoyle Hunter)                    Turns: 1770, Time: 00:00:41

Health: 0/33       AC:  7    Str: 15    XL:     5   Next: 51%
Magic:  5/5        EV:  8    Int:  9    God:
Gold:   94         SH:  0    Dex: 15    Spells: 4/4 levels left

rFire   . . .        Y - +0 shortbow (freeze)
rCold   . . .        (shield currently unavailable)
rNeg    + . .        c - +0 leather armour
rPois   inf          (no helmet)
rElec   +            (no cloak)
rCorr   .            (no gloves)
SInv    .            (no boots)
Will    .....        (no amulet)
Stlth   ++           (no ring)
HPRegen 0.25/turn    (no ring)
MPRegen 0.09/turn

%: no passive effects
@: grasped by roots, slowed, constricted, very slow
A: sickness immunity, AC +4, negative energy resistance 1, electricity
resistance, torment resistance 1, petrification resistance
a: no special abilities


You were on level 3 of the Dungeon.
You visited 1 branch of the dungeon, and saw 3 of its levels.

You collected 94 gold pieces.


Innate Abilities, Weirdness & Mutations

You are immune to sickness and miasma.
Your stone body is resilient. (AC +4)
You are immune to poison.
You resist negative energy. (rN+)
You are resistant to electric shocks. (rElec)
You are resistant to unholy torment.
You are immune to petrification.


   Skills:
 + Level 3.7 Fighting
 - Level 6.0 Ranged Weapons
 - Level 1.5 Dodging
 - Level 1.1 Stealth


You had 4 spell levels left.
You didn't know any spells.
Your spell library was empty.

Inventory:

Hand Weapons
 Y - a +0 shortbow of freezing (weapon)
Armour
 b - a +0 helmet
 c - a +0 leather armour (worn)
Jewellery
 h - a ring of ice
Scrolls
 a - a scroll of identify
 e - a scroll of torment {unknown}
 f - a scroll of revelation {unknown}
Potions
 d - a potion of lignification {unknown}
 g - a potion of curing
 i - a potion of might {unknown}

Dungeon Overview and Level Annotations

Branches:
Dungeon (3/15)

Altars:

Annotations:
D:3 Ijyb, Natasha


Message History

The orc priest is moderately wounded.
Natasha casts a spell at you.
You feel yourself slow down.
You shoot an arrow. The arrow hits the orc priest!
The arrow freezes the orc priest.
You kill the orc priest!
You hear a shout!
An orc comes into view. It is wielding a +0 dagger.
You shoot an arrow. The arrow hits Natasha!
The arrow freezes Natasha.
Natasha is heavily wounded.
A hobgoblin comes into view.
Natasha mumbles some strange words.
You feel troubled. Natasha barely misses you.
You shoot an arrow.
The arrow hits Natasha but does no damage.
Natasha is heavily wounded.
Natasha claws you but does no damage. Ijyb hits you with a +0 dagger.
Natasha misses you. Ijyb barely misses you.
You shoot an arrow. The arrow hits Natasha.
The arrow freezes Natasha.
Natasha is severely wounded.
Natasha casts a spell at you. The magic dart hits you.
Ijyb zaps a wand.
The roots erupt in riotous growth!
The grasping roots grab you!
Ijyb is unaffected.
Natasha is unaffected.
The grasping roots constrict you.
An orc comes into view. It is wielding a +0 dagger.
Natasha barely misses you. Ijyb hits you but does no damage.
The grasping roots constrict you.
An orc comes into view. It is wielding a +0 club.
The hobgoblin hits you but does no damage.
You hear a shout! x2
You shoot an arrow.
The arrow hits Natasha but does no damage.
Natasha is severely wounded.
Natasha barely misses you. Ijyb hits you but does no damage.
The grasping roots constrict you.
The hobgoblin hits you but does no damage.
Natasha claws you.
You die...
Natasha curls up and begins to purr.

# #.###...# # #.).....#
# #####...# #
#...####### ## #
#.........# ..
#######...#####.####.#
..[.................
...............g#g#
................@#
#######)..#####.#ho..)?.
# #.###.. <..##)###.. #
#. . ##### .# # .. . . #
# #o .. #.


You could see Ijyb, Natasha, 2 orcs and a hobgoblin.

Vanquished Creatures
  2 orc priests (D:3)
  Robin (D:3)
  5 gnolls
  A worm (D:2)
  2 dart slugs (D:1)
  5 ball pythons
  2 endoplasms (D:2)
  9 goblins
  6 hobgoblins
  2 kobolds
  4 quokkas
  5 bats
  6 rats
50 creatures vanquished.

Notes
Turn   | Place    | Note
-------+----------+-------------------------------------------
     0 | D:1      | qw the Gargoyle Hunter began the quest for the Orb.
     0 | D:1      | Reached XP level 1. HP: 12/12 MP: 1/1
     0 | D:1      | 0 ||| qw: Version: 0.3-a-83-gcd0e7d8
     0 | D:1      | 0 ||| qw: Game counter: 1513
     0 | D:1      | 0 ||| qw: Melee chars always use a shield: true
     0 | D:1      | 0 ||| qw: God list: Okawaru
     0 | D:1      | 0 ||| qw: Allow faded altars: false
     0 | D:1      | 0 ||| qw: Do Orc after clearing Dungeon:15 true
     0 | D:1      | 0 ||| qw: Do second Lair branch before Depths: true
     0 | D:1      | 0 ||| qw: Lair rune preference: random
     0 | D:1      | 0 ||| qw: Goals: Normal
     0 | D:1      | 0 ||| PLANNING D:1-11
    21 | D:1      | Found a faded altar of an unknown god.
    96 | D:1      | HP: 3/12 [gnoll/+0 spear (5)]
    98 | D:1      | Reached XP level 2. HP: 4/17 MP: 2/2
   267 | D:1      | Reached XP level 3. HP: 21/21 MP: 3/3
   504 | D:1      | Reached skill level 5 in Ranged Weapons
   731 | D:1      | 731 ||| READING scroll labelled CUATOKU ROC.
   732 | D:1      | 732 ||| READING scroll labelled NAVUMMEMAQ.
   733 | D:1      | 733 ||| READING scroll labelled JEYLITZIST.
   734 | D:1      | 734 ||| DROPPING scroll of butterflies.
   791 | D:2      | Identified the +1 whip of Tinoist {elec, Will+}
  1334 | D:2      | 1334 ||| READING 2 scrolls labelled REWOYN CIRGHA.
  1335 | D:2      | 1335 ||| READING scroll labelled MYSIODGH ONLI.
  1339 | D:2      | 1339 ||| DRINKING 2 fuming red potions.
  1395 | D:3      | Reached skill level 3 in Fighting
  1412 | D:3      | Noticed Robin
  1422 | D:3      | HP: 2/23 [Robin/+0 falchion (4)]
  1423 | D:3      | Killed Robin
  1424 | D:3      | Reached XP level 4. HP: 2/28 MP: 4/4
  1427 | D:3      | HP: 3/28 [goblin/+0 club[Robin] (1)]
  1435 | D:3      | 1435 ||| FLEEEEING.
  1615 | D:3      | 1615 ||| RETREEAATING.
  1617 | D:3      | 1617 ||| Stepping ~*~*~tactically~*~*~ (retreating).
  1624 | D:3      | Reached XP level 5. HP: 27/32 MP: 5/5
  1628 | D:3      | Reached skill level 6 in Ranged Weapons
  1759 | D:3      | Noticed Natasha
  1762 | D:3      | Noticed Ijyb
  1769 | D:3      | HP: 6/33 [constriction (3)]
  1769 | D:3      | HP: 2/33 [constriction (4)]
  1770 | D:3      | Slain by Natasha

Levels and vault maps discovered:
D:1:      minmay_arrival_three_doors, layout_basic, serial_corexii_hall,
          corexii_hall_statues_i, corexii_hall_statues_t,
          chequers_ecumenical_altar_simple, minmay_misc_feat_square,
          minivault_27
D:2:      layout_basic
D:3:      layout_loops_cross, dreamdust_wishing_well, kennysheep_jessica_study,
          uniq_ijyb, uniq_natasha, uniq_crazy_yiuf_cottage, uniq_jessica,
          uniq_robin

Skill      XL: |  1  2  3  4  5 |
---------------+----------------+-----
Ranged Weapons | 5 6 |  6.0
Fighting       | 3 |  3.7
Dodging        | |  1.5
Stealth        | |  1.1

Action                     |  1- 3 |  4- 6 || total
---------------------------+-------+-------++-------
   Fire: Shortbow          |   109 |    43 ||   152
    Use: Scroll            |     5 |       ||     5
         Potion            |     1 |       ||     1
 Armour: Leather armour    |    36 |    24 ||    60
  Dodge: Dodged            |    28 |    20 ||    48

Table legend:
 A = Non-vault XP
 B = Vault XP
 C = Vault XP percentage of total XP
 D = Non-vault monster count
 E = Vault monster count
 F = Vault count percentage of total count
                 A         B        C        D         E       F
            +---------+---------+-------+---------+---------+-------
      Total |     216 |      29 |  11.8 |      41 |       9 |  18.0
            +---------+---------+-------+---------+---------+-------
        D:1 |      45 |       0 |   0.0 |      17 |       0 |   0.0
        D:2 |      23 |       0 |   0.0 |      13 |       0 |   0.0
        D:3 |     148 |      29 |  16.4 |      11 |       9 |  45.0
            +---------+---------+-------+---------+---------+-------
